 Dungeon Crawl Stone Soup version 0.27-a0-681-g0c81a3c1c3 (webtiles) character file.

Game seed: 7343518065723891113

130709 tilp the Black Belt (level 17, -5/142 HPs)
             Began as an Octopode Transmuter on Mar 19, 2021.
             Was an Elder of Okawaru.
             Slain by a redback (12 damage)
             ... on level 1 of the Spider Nest.
             The game lasted 01:27:22 (39980 turns).

tilp the Black Belt (Octopode Transmuter)          Turns: 39980, Time: 01:27:22

Health: -5/142     AC: 11    Str: 18 (20) XL:     17   Next: 8%
Magic:  0/26       EV: 21    Int: 30      God:    Okawaru [****..]
Gold:   2346       SH:  0    Dex: 15      Spells: 5/28 levels left

rFire    + . .     SeeInvis +     - Unarmed
rCold    + + +     Faith    .   (shield currently unavailable)
rNeg     . . .     Spirit   +   (helmet currently unavailable)
rPois    +         Reflect  .   u - amulet of guardian spirit
rElec    +         Harm     .   f - +6 ring of strength
rCorr    .         Rampage  .   b - ring of Xom's Ringing Laughter {Int+6 SInv}
Will     ++...                  K - ring "Xuerapne" {Fire rElec rPois Dex+3 Stlth+}
Stlth    ++++++....             t - +4 ring of evasion
HPRegen  0.33/turn              F - ring "Jennackoele" {Wiz rC+ Str+3 Int+3}
MPRegen  0.20/turn              L - +4 ring of protection
                                y - ring "Ripaogh" {Wiz +Inv Will+ Slay+3}
                                P - ring of protection from fire

@: ice-form, heroic, wereblooded, studying Short Blades
A: freezing attack, boosted hp, almost no armour, amphibious, 8 rings, large,
(camouflage 1), (gelatinous body 1), (nimble swimmer 1), (tentacles),
deterioration 1, subdued magic 1
a: End Transformation, Renounce Religion, Evoke Invisibility, Heroism


You were on level 1 of the Spider Nest.
You worshipped Okawaru.
Okawaru was greatly pleased with you.
You were a creature of crystalline ice.
You visited 5 branches of the dungeon, and saw 25 of its levels.
You also visited: Ossuary and Bailey.

You collected 2881 gold pieces.
You spent 535 gold pieces at shops.

Inventory:

Missiles
 g - 20 curare-tipped darts {!f}
 k - 20 javelins
 w - 5 poisoned darts
 A - 69 boomerangs (quivered)
 O - 6 silver javelins {!f}
 R - 2 throwing nets {!f}
Armour
 Q - a +3 buckler of protection (melded)
 S - a +2 hat of willpower (melded)
 W - the +4 kite shield "Fytwisch" {rElec rF- rC+ Stlth+}
   (Okawaru gifted it to you on level 2 of the Lair of Beasts)

   It makes you vulnerable to fire.
   It protects you from cold.
   It insulates you from electricity.
   It makes you more stealthy.
Jewellery
 b - the ring of Xom's Ringing Laughter (right front paw) {Int+6 SInv}
   (You acquired it on level 2 of the Dungeon)

   [ring of intelligence]

   It affects your intelligence (+6).
   It lets you see invisible.
 f - a +6 ring of strength (left front paw)
 l - a ring of positive energy
 t - a +4 ring of evasion (on tentacle)
 u - an amulet of guardian spirit (around neck)
 y - the ring "Ripaogh" (on tentacle) {Wiz +Inv Will+ Slay+3}
   (You acquired it on level 9 of the Dungeon)

   [ring of wizardry]

   It improves your spell success rate.
   It affects your accuracy and damage with ranged weapons and melee attacks
   (+3).
   It affects your willpower, your defense against some magical effects.
   It lets you turn invisible.
 D - a ring of fire
 F - the ring "Jennackoele" (on tentacle) {Wiz rC+ Str+3 Int+3}
   (You acquired it on level 7 of the Dungeon)

   [ring of wizardry]

   It improves your spell success rate.
   It affects your strength (+3).
   It affects your intelligence (+3).
   It protects you from cold.
 K - the ring "Xuerapne" (on tentacle) {Fire rElec rPois Dex+3 Stlth+}
   (You found it on level 3 of the Lair of Beasts)

   [ring of fire]

   It enhances your fire magic.
   It affects your dexterity (+3).
   It protects you from fire.
   It makes you vulnerable to cold.
   It insulates you from electricity.
   It protects you from poison.
   It makes you more stealthy.
 L - a +4 ring of protection (on tentacle)
 P - a ring of protection from fire (on tentacle)
 Z - a ring of positive energy
Wands
 a - a wand of charming (18)
 h - a wand of digging (13)
 j - a wand of acid (15)
 n - a wand of mindburst (2)
 o - a wand of iceblast (4)
 z - a wand of polymorph (13)
 M - a wand of paralysis (10)
 V - a wand of flame (16)
Scrolls
 m - 3 scrolls of enchant armour
 q - 5 scrolls of magic mapping
 s - 3 scrolls of fog
 E - 5 scrolls of identify
 H - 3 scrolls of fear
 N - a scroll of holy word
 T - a scroll of teleportation
 X - 3 scrolls of silence
Potions
 c - 7 potions of curing
 e - 4 potions of lignification
 i - 5 potions of magic
 p - 2 potions of flight
 r - 3 potions of haste
 v - a potion of berserk rage
 x - 2 potions of cancellation
 B - a potion of resistance
 C - 3 potions of might
 J - 2 potions of attraction
 U - 4 potions of invisibility
 Y - 4 potions of mutation
Miscellaneous
 d - a phantom mirror
 G - a condenser vane (inert)


   Skills:
 + Level 12.1(17.1) Fighting
 - Level 10.0(15.0) Dodging
 - Level 8.0(13.0) Stealth
 - Level 4.0(9.0) Shields
 * Level 15.2(20.2) Unarmed Combat
 - Level 6.0 Spellcasting
 - Level 4.0 Conjurations
 - Level 6.0 Translocations
 - Level 12.0 Transmutations
 - Level 2.0 Ice Magic
 - Level 2.0 Poison Magic
 - Level 10.0 Invocations
 - Level 8.0 Evocations


You had 5 spell levels left.
You knew the following spells:

 Your Spells              Type           Power      Damage    Failure   Level
a - Beastly Appendage     Tmut           100%       N/A       0%          1
b - Wereblood             Tmut           58%        N/A       1%          2
c - Spider Form           Tmut/Pois      19%        N/A       1%          3
d - Ice Form              Ice/Tmut       39%        N/A       1%          4
e - Blade Hands           Tmut           29%        N/A       1%          5
f - Irradiate             Conj/Tmut      21%        3d20      1%          5
g - Corona                Hex            6%         N/A       1%          1
h - Blink                 Tloc           N/A        N/A       1%          2

Your spell library contained the following spells:

 Spells                   Type           Power      Damage    Failure   Level
 Animate Skeleton         Necr           12%        N/A       1%          1
 Foxfire                  Conj/Fire      96%        2x1d8     1%          1
 Magic Dart               Conj           100%       1d8       1%          1
 Pain                     Necr           24%        1d5       1%          1
 Call Imp                 Summ           6%         N/A       1%          2
 Ensorcelled Hibernation  Hex/Ice        22%        N/A       1%          2
 Passwall                 Tmut/Erth      28%        N/A       1%          2
 Poisonous Vapours        Pois/Air       22%        N/A       1%          2
 Searing Ray              Conj           50%        3d5       1%          2
 Slow                     Hex            6%         N/A       1%          2
 Conjure Flame            Conj/Fire      24%        6-21      1%          3
 Dazzling Flash           Conj/Hex       32%        N/A       1%          3
 Ignite Poison            Fire/Tmut/Pois 42%        N/A       1%          3
 Mephitic Cloud           Conj/Pois/Air  16%        N/A       1%          3
 Portal Projectile        Hex/Tloc       40%        N/A       1%          3
 Iskenderun's Mystic Bla  Conj/Tloc      30%        2d8       1%          4
 Confusing Touch          Hex            6%         N/A       3%          3
 Inner Flame              Hex/Fire       10%        N/A       3%          3
 Tukima's Dance           Hex            6%         N/A       3%          3
 Vampiric Draining        Necr           3%         2d6       3%          3
 Fulminant Prism          Conj/Hex       8%         3d7       5%          4
 Sticky Flame             Conj/Fire      24%        2d5       5%          4
 Summon Ice Beast         Ice/Summ       11%        N/A       9%          4
 Animate Dead             Necr           3%         N/A       12%         4
 Cause Fear               Hex            3%         N/A       12%         4
 Leda's Liquefaction      Hex/Erth       3%         N/A       12%         4
 Fireball                 Conj/Fire      12%        3d7       16%         5
 Bolt of Magma            Conj/Fire/Erth 9%         4d7       21%         5
 Agony                    Necr           6%         N/A       32%         5
 Hydra Form               Tmut           29%        N/A       1%          6
 Dragon Form              Tmut           29%        N/A       8%          7
 Statue Form              Tmut/Erth      22%        N/A       16%         6
 Shadow Creatures         Summ           N/A        N/A       85%         6


Dungeon Overview and Level Annotations

Branches:
Dungeon (15/15)            Temple (1/1) D:5            Lair (6/6) D:11
  Swamp (0/4) Lair:4       Spider (1/4) Lair:3        Slime (0/5) Lair:5
    Orc (2/2) D:10            Elf (0/3) Orc:2        Vaults (0/5) D:13
 Depths (0/5) D:15        Ossuary (visited)          Bailey (visited)

Altars:
Ashenzari
Cheibriados
Dithmenos
Elyvilon
Fedhas
Gozag
Hepliaklqana
Kikubaaqudgha
Makhleb
Nemelex Xobeh
Okawaru
Qazlal
Ru
Sif Muna
Trog
Uskayaw
Vehumet
Wu Jian
Xom
Yredelemnul
Zin
The Shining One
Beogh
Jiyva

Shops:
Orc:1 *   Orc:2 *(=(

Portals:
Trove: D:11 (give +6 demon whip)

Annotations:
D:14 2 transporters, Fetent's ghost, journeyman MiFi


Innate Abilities, Weirdness & Mutations

You are a creature of crystalline ice.
You have a powerful freezing melee attack.
Your maximum health is increased.
Your armour is entirely melded.
You are incapable of wielding weapons or throwing items.
You cannot wear most types of armour.
You are amphibious.
You can wear up to eight rings at the same time.
((Your skin changes colour to match your surroundings (Stealth+).))
((Your rubbery body absorbs attacks. (AC +1, EV +1)))
((You are stealthy while swimming. (Stealth+)))
((You have tentacles for arms and can constrict up to eight enemies at once.))
Your body sometimes deteriorates upon taking damage.
Your spells are a little easier to cast, but a little less powerful.


Message History

You blink.
An orb spider comes into view.
The orb spider hisses angrily.
A tarantella comes into view.
A wolf spider comes into view. x2
The tarantella bites you.
* * * LOW HITPOINT WARNING * * *
You are confused.
The orb spider moves out of view.
A redback comes into view.
Unknown command.
You feel much better.
The jumping spider leaps!
The tarantella bites you!
* * * LOW HITPOINT WARNING * * *
Your body deteriorates!
You feel weakened.
You are more confused.
The jumping spider leaps!
The jumping spider closely misses you. The jumping spider misses you.
The wolf spider hits you!
* * * LOW HITPOINT WARNING * * *
The wolf spider bites you but does no damage.
You feel much better. The wolf spider hits you!
* * * LOW HITPOINT WARNING * * *
The wolf spider completely misses you. The tarantella barely misses you.
The wolf spider misses you. The wolf spider closely misses you.
The jumping spider leaps!
The jumping spider pounces on you.
* * * LOW HITPOINT WARNING * * *
The jumping spider completely misses you.
The wolf spider completely misses you. The wolf spider closely misses you.
The tarantella misses you. The wolf spider hits you!
* * * LOW HITPOINT WARNING * * *
The wolf spider completely misses you.
You are too confused!
Unknown command.
You feel better. The redback completely misses you.
The jumping spider closely misses you. The jumping spider misses you.
The wolf spider misses you. The wolf spider bites you.
* * * LOW HITPOINT WARNING * * *
The wolf spider closely misses you. The wolf spider completely misses you.
The tarantella misses you. The wolf spider barely misses you.
The wolf spider bites you.
* * * LOW HITPOINT WARNING * * *
The redback bites you!
You die...

###### #.#..##
#.†...### .#
##.○†.s..##...#.
#.sss.s.<.......
#.sYss..........
#....ss>°.s...^..s
##......s..(.$.#.s
........s.....>:○s
............ss......
.....^.....^.°......
....................
.......#.......


You could see a demonic crawler, 5 wolf spiders, 2 orb spiders, 3 jumping
spiders, 2 tarantellas and 2 redbacks.

Vanquished Creatures
  Gastronok (Lair:1)
  A dire elephant (D:15)
  The ghost of emiel the Cleaver, a journeyman MiWn of Ru (D:12)
  Snorg (Lair:3)
  2 fire dragons (Lair:6)
  Fannar (Lair:1)
  9 hydras
  3 boulder beetles
  Erica (Lair:1)
  An ogre mage (D:13)
  3 centaur warriors
  3 death yaks (D:11)
  5 orc high priests (Orc:2)
  3 spriggan berserkers (D:14)
  3 two-headed ogres
  6 skeletal warriors
  2 unseen horrors
  A lindwurm (Lair:6)
  A swamp dragon (Lair:6)
  A deep elf pyromancer (D:12)
  An orb spider (Spider:1)
  13 orc knights
  An orc sorcerer (D:15)
  6 wolf spiders
  14 ugly things
  2 cyclopes
  A faun (Lair:5)
  3 oklob plants (Lair:3)
  A shining eye (Lair:5)
  3 manticores (D:15)
  Joseph (Lair:1)
  A salamander (D:15)
  4 spectral centaurs (D:12)
  A black mamba (Lair:1)
  3 elephants (Lair:3)
  2 centaur zombies
  10 cane toads
  6 torpor snails
  4 centaur skeletons
  A gargoyle (D:12)
  3 efreet (D:14)
  2 spectral redbacks (D:12)
  4 yaktaurs (D:13)
  A demonic crawler (Lair:3)
  2 rime drakes
  11 komodo dragons
  6 trolls
  2 guardian mummies (D:11)
  7 jumping spiders
  A spectral harpy (D:12)
  8 hornets
  4 tyrant leeches (Lair:6)
  6 dream sheep
  8 blink frogs
  3 polar bears
  7 slime creatures
  11 redbacks
  A shadow (D:15)
  5 wyverns
  A centaur simulacrum (D:12)
  6 tarantellas
  4 wraiths
  2 water elementals (D:15)
  4 basilisks
  3 steam dragons (Lair:6)
  62 yaks
  5 vampire mosquitoes
  A soldier ant (shapeshifter) (D:13)
  2 wargs
  3 acid dragons
  A harpy simulacrum (D:12)
  20 water moccasins
  35 orc warriors
  A swamp drake (Lair:6)
  A sky beast (D:15)
  A black bear (Lair:1)
  2 hornet zombies
  A necrophage (D:10)
  6 ice beasts
  49 wolves
  11 ogres
  16 centaurs
  A phantom (D:4)
  23 bullfrogs
  A spectral wyvern (D:12)
  3 kobold brigands
  Blork the orc (D:5)
  A wyvern skeleton (D:13)
  6 scorpions
  7 wights
  An electric eel (D:15)
  2 howler monkeys
  3 bullfrog zombies
  4 hounds
  13 jellies
  33 orc priests
  4 bullfrog skeletons
  7 iguanas
  12 orc wizards
  A hell rat (D:11)
  12 worker ants
  A howler monkey zombie (D:10)
  2 mummies
  A worker ant zombie (D:7)
  12 adders
  A river rat (D:11)
  3 white imps
  3 ufetubi
  15 oozes
  3 adder skeletons
  4 worms
  7 dart slugs
  3 leopard geckos
  95 orcs
  2 giant cockroaches (D:5)
  9 goblins
  9 hobgoblins
  9 jackals
  8 quokkas
  7 bats
  2 frilled lizards
  3 gnoll skeletons (Ossuary)
  33 kobolds
  10 kobold skeletons (Ossuary)
  A leopard gecko skeleton (D:6)
  2 leopard gecko zombies
  12 orc skeletons (Ossuary)
  2 quokka skeletons
  A quokka zombie (D:7)
  3 rats
854 creatures vanquished.

Vanquished Creatures (others)
  41 fungi
  71 plants
112 creatures vanquished.

Grand Total: 966 creatures vanquished

Notes
Turn   | Place    | Note
-------+----------+-------------------------------------------
     0 | D:1      | tilp the Octopode Transmuter began the quest for the Orb.
     0 | D:1      | Reached XP level 1. HP: 13/13 MP: 3/3
   141 | D:1      | Reached skill level 1 in Stealth
   337 | D:1      | Reached XP level 2. HP: 15/18 MP: 5/5
   340 | D:1      | Learned a level 2 spell: Wereblood
  1693 | D:2      | Reached XP level 3. HP: 23/23 MP: 6/6
  1740 | D:2      | Found an opulent altar of Gozag.
  1744 | D:2      | Found Gozag's Platinum Reserve.
  1850 | D:2      | Reached XP level 4. HP: 26/30 MP: 5/7
  2115 | D:2      | Identified 2 scrolls of acquirement
  2115 | D:2      | Acquired a +2 hat of stealth
  2122 | D:2      | Acquired the ring of Xom's Ringing Laughter {Int+6 SInv}
  2128 | D:2      | Learned a level 2 spell: Blink
  2935 | D:3      | Reached XP level 5. HP: 36/36 MP: 6/8
  3267 | D:4      | Found a sand-covered staircase.
  3274 | D:4      | Reached skill level 4 in Unarmed Combat
  3274 | D:4      | Reached XP level 6. HP: 35/43 MP: 7/9
  3277 | Ossuary  | Entered an ossuary
  3277 | Ossuary  | Noticed a wraith
  3277 | Ossuary  | Noticed a wraith
  3277 | Ossuary  | Noticed a wraith
  3422 | Ossuary  | Noticed a wraith
  3460 | Ossuary  | Killed a wraith
  3461 | Ossuary  | Reached skill level 5 in Unarmed Combat
  3612 | D:4      | Reached XP level 7. HP: 44/48 MP: 8/10
  3731 | D:4      | Reached skill level 6 in Unarmed Combat
  3740 | D:4      | Learned a level 3 spell: Spider Form
  3755 | D:4      | Found a broken altar of Ashenzari.
  4141 | D:5      | Entered Level 5 of the Dungeon
  4173 | D:5      | Reached skill level 1 in Poison Magic
  4176 | D:5      | Reached skill level 1 in Translocations
  4262 | D:5      | Found a sacrificial altar of Ru.
  4303 | D:5      | Noticed Blork the orc
  4316 | D:5      | Found a staircase to the Ecumenical Temple.
  4333 | Temple   | Entered the Ecumenical Temple
  4646 | Temple   | Became a worshipper of Warmaster Okawaru
  4820 | D:5      | Reached XP level 8. HP: 47/54 MP: 8/13
  5471 | D:6      | Reached * piety under Okawaru
  5932 | D:6      | Reached skill level 5 in Translocations
  6748 | D:7      | Reached skill level 1 in Invocations
  6748 | D:7      | Reached skill level 1 in Evocations
  6762 | D:7      | You fall into a shaft and drop 1 floor!
  6822 | D:7      | Found a flagged portal.
  6967 | Bailey   | Entered a bailey
  7008 | Bailey   | Noticed an orc warlord
  7135 | Bailey   | Reached ** piety under Okawaru
  7136 | Bailey   | Reached XP level 9. HP: 58/58 MP: 9/15
  7154 | Bailey   | Found a runed translucent gate.
  7156 | Bailey   | Found a runed translucent gate.
  7158 | Bailey   | Found a runed translucent gate.
  7357 | D:7      | Acquired the ring "Jennackoele" {Wiz rC+ Str+3 Int+3}
  7365 | D:7      | Learned a level 4 spell: Ice Form
  7484 | D:7      | Found a shimmering blue altar of Sif Muna.
  7816 | D:7      | Noticed a troll
  7818 | D:7      | Reached skill level 1 in Ice Magic
  7824 | D:7      | Killed a troll
  7875 | D:7      | Noticed a komodo dragon
  8052 | D:7      | Killed a komodo dragon
  8208 | D:4      | Reached skill level 5 in Transmutations
  8379 | D:5      | Killed Blork the orc
  9612 | D:9      | Reached XP level 10. HP: 63/63 MP: 7/16
  9739 | D:9      | Noticed a two-headed ogre
 10081 | D:9      | Reached *** piety under Okawaru
 10364 | D:9      | Killed a two-headed ogre
 10364 | D:9      | Received a gift from Okawaru
 10605 | D:9      | Acquired the ring "Ripaogh" {Wiz +Inv Will+ Slay+3}
 10614 | D:9      | Learned a level 5 spell: Blade Hands
 10652 | D:10     | Entered Level 10 of the Dungeon
 10685 | D:10     | Found a staircase to the Orcish Mines.
 10701 | D:10     | Reached skill level 7 in Unarmed Combat
 10704 | D:10     | Reached **** piety under Okawaru
 11270 | D:10     | Reached skill level 5 in Fighting
 11294 | D:10     | Received a gift from Okawaru
 11295 | D:10     | Reached skill level 5 in Dodging
 11474 | D:10     | Identified the +8 dagger "Acarinebane" {vorpal, rElec Int+4
                  | Stlth+}
 11834 | D:11     | Reached XP level 11. HP: 72/72 MP: 10/17
 11838 | D:11     | Reached skill level 1 in Shields
 11842 | D:11     | Reached skill level 8 in Unarmed Combat
 11901 | D:11     | Noticed a death yak
 11901 | D:11     | Noticed a death yak
 11909 | D:11     | Noticed a death yak
 11916 | D:11     | Killed a death yak
 11922 | D:11     | Noticed a six-headed hydra
 11925 | D:11     | Killed a death yak
 11925 | D:11     | Reached ***** piety under Okawaru
 11933 | D:11     | Killed a death yak
 11938 | D:11     | Reached skill level 5 in Invocations
 11939 | D:11     | Killed a six-headed hydra
 12194 | D:11     | Reached skill level 5 in Evocations
 12266 | D:11     | Received a gift from Okawaru
 12363 | D:11     | Found a staircase to the Lair.
 12956 | D:11     | Noticed a skeletal warrior
 12956 | D:11     | Noticed a skeletal warrior
 13468 | Lair:1   | Entered Level 1 of the Lair of Beasts
 13468 | Lair:1   | Noticed Joseph
 13470 | Lair:1   | Noticed Erica
 13488 | D:11     | Reached XP level 12. HP: 25/79 MP: 5/18
 14335 | Lair:1   | Killed Erica
 14338 | Lair:1   | Killed Joseph
 14568 | Lair:1   | Reached skill level 9 in Unarmed Combat
 14569 | Lair:1   | Noticed Fannar
 14578 | Lair:1   | Killed Fannar
 14578 | Lair:1   | Identified the -7 buckler of Restlessness {+Inv Int+2}
                  | (Okawaru gifted it to you on level 1 of the Lair of Beasts)
 14578 | Lair:1   | Received a gift from Okawaru
 14726 | Lair:1   | Noticed Gastronok
 15003 | Lair:1   | Noticed an eight-headed hydra
 15009 | Lair:1   | Killed an eight-headed hydra
 15160 | Lair:1   | Killed Gastronok
 15248 | Lair:1   | Learned a level 1 spell: Corona
 15316 | Lair:1   | Reached skill level 10 in Unarmed Combat
 16455 | Lair:2   | Reached XP level 13. HP: 66/88 MP: 10/19
 16745 | Lair:2   | Reached skill level 10 in Transmutations
 16835 | Lair:2   | Identified the +4 kite shield "Fytwisch" {rElec rF- rC+
                  | Stlth+} (Okawaru gifted it to you on level 2 of the Lair of
                  | Beasts)
 16835 | Lair:2   | Received a gift from Okawaru
 16992 | Lair:2   | Reached skill level 5 in Stealth
 17957 | Lair:3   | Found a hole to the Spider Nest.
 18568 | Lair:3   | Noticed Snorg
 19248 | Lair:3   | Reached skill level 11 in Unarmed Combat
 20485 | Lair:4   | Found a staircase to the Swamp.
 20726 | Lair:5   | Identified the Grimoire of Shifting Toxins
 20794 | Lair:5   | Reached skill level 10 in Fighting
 20794 | Lair:5   | Reached XP level 14. HP: 99/99 MP: 20/20
 20809 | Lair:5   | Received a gift from Okawaru
 20810 | Lair:5   | Found the +6 arbalest "Damnation" {damnation}
 21033 | Lair:5   | Reached skill level 12 in Unarmed Combat
 21380 | Lair:5   | Found a viscous altar of Jiyva.
 21381 | Lair:5   | Found a staircase to the Slime Pits.
 21536 | Lair:5   | Noticed Nessos
 21543 | Lair:5   | Noticed Nessos
 21543 | Lair:5   | Nessos changed into Nessos the shining eye
 21544 | Lair:5   | Gained mutation: Your body sometimes deteriorates upon
                  | taking damage. [Nessos]
 21546 | Lair:5   | Killed Nessos the shining eye
 22132 | Lair:6   | Entered Level 6 of the Lair of Beasts
 22376 | Lair:6   | Reached skill level 10 in Invocations
 22376 | Lair:6   | Reached XP level 15. HP: 71/103 MP: 10/22
 22565 | Lair:6   | Received a gift from Okawaru
 23475 | Lair:6   | Found a runed translucent door.
 23630 | Lair:6   | Received a gift from Okawaru
 25373 | D:11     | Found a portal to a secret trove of treasure.
 25729 | Lair:3   | Identified the ring "Xuerapne" {Fire rElec rPois Dex+3
                  | Stlth+}
 26049 | Lair:3   | Killed Snorg
 26272 | Orc:1    | Entered Level 1 of the Orcish Mines
 26367 | Orc:1    | Found Bufitos's Assorted Antiques.
 26377 | Orc:1    | Bought 2 glowing black potions for 32 gold pieces
 26377 | Orc:1    | Bought a scroll of identify for 36 gold pieces
 26377 | Orc:1    | Bought a scroll of identify for 36 gold pieces
 26377 | Orc:1    | Bought a metallic dark potion for 16 gold pieces
 26377 | Orc:1    | Bought a scroll labelled EGGEHEDDIF for 18 gold pieces
 26377 | Orc:1    | Bought an ivory wand for 72 gold pieces
 26835 | Orc:2    | Entered Level 2 of the Orcish Mines
 27340 | Orc:1    | Reached skill level 13 in Unarmed Combat
 27495 | Orc:2    | Found a staircase to the Elven Halls.
 29555 | Orc:2    | Reached skill level 10 in Dodging
 30441 | Orc:2    | Gained mutation: Your spells are a little easier to cast,
                  | but a little less powerful. [a neqoxec]
 31006 | Orc:2    | Reached XP level 16. HP: 90/114 MP: 12/23
 31238 | Orc:2    | Found Xob Wey's Assorted Antiques.
 31241 | Orc:2    | Found Ylor's Weapon Boutique.
 31244 | Orc:2    | Found Utitat's Jewellery Shop.
 31245 | Orc:2    | Found Koduot's Weapon Boutique.
 31253 | Orc:2    | Bought a scroll labelled IVOUDU IDUPO for 29 gold pieces
 31253 | Orc:2    | Bought a cyan potion for 26 gold pieces
 31315 | Orc:1    | Bought a graven book for 270 gold pieces
 31321 | Orc:1    | Learned a level 5 spell: Irradiate
 31430 | D:12     | You fall into a shaft and drop 1 floor!
 31626 | D:12     | Reached skill level 14 in Unarmed Combat
 32656 | D:12     | Found a runed translucent gate.
 32656 | D:12     | Found a runed translucent gate.
 32656 | D:12     | Found a runed translucent gate.
 32661 | D:12     | Found the +3 Elemental Staff {rElec rF++ rC++ Will++ AC+5}
 32661 | D:12     | Noticed emiel's ghost (journeyman MiWn)
 32892 | D:13     | You fall into a shaft and drop 2 floors!
 32892 | D:15     | Entered Level 15 of the Dungeon
 34265 | D:13     | Found a gate to the Vaults.
 34527 | D:13     | Reached skill level 15 in Unarmed Combat
 34984 | D:14     | Reached skill level 1 in Conjurations
 35157 | D:14     | HP: 4/136 [spriggan berserker/+4 antimagic hand axe (32)]
 36005 | D:14     | Reached skill level 5 in Spellcasting
 36207 | D:14     | Found the +8 Wrath of Trog {antimagic, *Rage}
 36346 | D:14     | Received a gift from Okawaru
 36736 | D:14     | Found a transporter.
 36741 | D:14     | Found a transporter.
 36746 | D:14     | Noticed Fetent's ghost (journeyman MiFi)
 36748 | D:14     | Noticed a storm dragon
 37649 | D:15     | Found a staircase to the Depths.
 38546 | D:12     | Killed emiel's ghost
 38741 | Spider:1 | Entered Level 1 of the Spider Nest
 39215 | Lair:3   | Reached XP level 17. HP: 119/119 MP: 18/26
 39980 | Spider:1 | HP: 7/142 [wolf spider (3)]
 39980 | Spider:1 | Slain by a redback

Illustrated notes

Levels and vault maps discovered:
D:1:      mrwooster_arrival_statue_3, layout_basic
D:2:      layout_rooms, minmay_misc_feat_four_crosses,
          nicolae_gozag_zags_fifth_avenue
D:3:      layout_basic, wad_floor_pattern_untrapped
D:4:      layout_rooms, gup_ossuary_entry_pyramid, nicolae_ashenzari_panopticon
D:5:      layout_cave_pools, nicolae_ru_great_annihilating_truth,
          minmay_temple_entry_water_ring, uniq_blork_the_orc
D:6:      layout_basic
D:7:      minmay_blocky_corners, layout_loops_cross, enter_bailey_2,
          chequers_serial_rivers_micro_b, grunt_ministairs_14, led_sif_pool
D:8:      layout_basic, serial_glass, glass_columns_c, glass_columns_b,
          item_on_display_a, minmay_misc_feat_tiny
D:9:      corexii_shack_village, layout_rooms
D:10:     layout_basic, minmay_orc_entry_temple_small
D:11:     layout_loops_ring, dpeg_lair_monsters,
          nicolae_trove_entry_path_of_doom
D:12:     layout_long_grid, gammafunk_ghost_necromancy
D:13:     layout_cave_pods, hangedman_vaults_entry_quadrant_bands
D:14:     layout_cave_pools, gammafunk_ghost_berserking_beasts,
          minmay_staircase_statues_hall_small,
          minmay_guarded_unrand_wrath_of_trog
D:15:     hangedman_depths_entry_try_elsewhere_first, layout_basic,
          minmay_misc_feat_alley
Temple:   regret_index_temple_sigil_plot
Lair:1:   layout_regular_city, grunt_forest_small_clearing_treed,
          serial_bayou_shore_b, grunt_megastairs_1, infiniplex_staircase_pool_2,
          uniq_erica, uniq_gastronok, uniq_fannar, uniq_joseph
Lair:2:   layout_chaotic_city
Lair:3:   lemuel_slime, layout_loops_ring, nicolae_spider_entry_tight_spaces,
          grunt_megastairs_4, lemuel_fruit_tree, minmay_lair_oklob_chamber,
          uniq_snorg
Lair:4:   layout_loops_ring, swamp_mist, grunt_megastairs_3
Lair:5:   layout_loops_ring, slime_altar_1, grunt_forest_large_clearings,
          uniq_nessos
Lair:6:   guppyfry_lair_end_dragon, layout_hall_layers, wormcave
Spider:1: layout_spider_delve, guppyfry_spider_mini_3
Orc:1:    layout_caves, serial_shops, shop_statue, library_closet
Orc:2:    st_orc_pillars, layout_caves

Skill      XL: |  1  2  3  4  5  6  7  8  9 10 11 12 13 14 15 16 |
---------------+-------------------------------------------------+-----
Stealth        | 2 3 4 6 8 |  8.0
Fighting       | 2 3 4 5 6 8 10 12 | 12.1
Unarmed Combat | 4 5 6 7 8 10 11 12 13 15 | 15.2
Poison Magic   | 2 |  2.0
Translocations | 2 6 |  6.0
Spellcasting   | 3 4 6 |  6.0
Invocations    | 2 4 8 10 | 10.0
Evocations     | 2 4 6 7 8 |  8.0
Ice Magic      | 2 |  2.0
Transmutations | 7 8 9 10 12 | 12.0
Dodging        | 5 6 8 10 | 10.0
Shields        | 4 |  4.0
Conjurations   | 4 |  4.0

Action                   |  1- 3 |  4- 6 |  7- 9 | 10-12 | 13-15 | 16-18 || total
-------------------------+-------+-------+-------+-------+-------+-------++-------
Melee: Unarmed           |    57 |   102 |   311 |   402 |   734 |   406 ||  2012
       Constrict         |    12 |    45 |    36 |    10 |     6 |     2 ||   111
       Tentacles         |     9 |    20 |    29 |     5 |    10 |     6 ||    79
       Kick              |     7 |    21 |    46 |       |       |       ||    74
       Punch             |       |     3 |     9 |     3 |    10 |     4 ||    29
Throw: Stone             |    52 |     3 |       |       |       |       ||    55
       Javelin           |       |       |     3 |       |       |       ||     3
       Dart              |       |       |     9 |       |     2 |       ||    11
       Boomerang         |       |       |       |     1 |       |       ||     1
 Cast: Beastly Appendage |    17 |    14 |    27 |       |       |       ||    58
       Wereblood         |     1 |     9 |    18 |    24 |    51 |    29 ||   132
       Spider Form       |       |       |    14 |     7 |       |     1 ||    22
       Ice Form          |       |       |    12 |    35 |    88 |    48 ||   183
       Blade Hands       |       |       |       |     2 |     5 |     2 ||     9
       Blink             |       |       |       |       |       |     2 ||     2
Invok: Heroism           |       |       |     2 |    12 |    36 |    25 ||    75
       Finesse           |       |       |       |       |       |     3 ||     3
 Abil: End Transformatio |       |       |     3 |       |       |       ||     3
Evoke: Wand              |       |       |     2 |     5 |    16 |       ||    23
       Condenser vane    |       |       |       |     2 |     2 |     1 ||     5
  Use: Scroll            |       |     7 |    15 |     5 |    15 |     4 ||    46
       Potion            |       |       |     2 |     1 |     2 |     7 ||    12
 Stab: Sleeping          |       |    13 |    10 |    11 |     4 |    11 ||    49
       Paralysed         |       |       |     8 |       |       |       ||     8
       Invisible         |       |       |     1 |       |       |       ||     1
       Petrified         |       |       |       |     3 |       |       ||     3
       Petrifying        |       |       |       |     1 |       |       ||     1
       Distracted        |       |       |       |       |     3 |       ||     3
Armor: Skin              |     5 |     6 |    31 |    54 |   112 |    73 ||   281
Dodge: Dodged            |    29 |    51 |   245 |   248 |   441 |   338 ||  1352
Block: Buckler           |       |       |       |     1 |     3 |     2 ||     6

Table legend: (Time is in decaauts)
 A = Elapsed time spent in this place.
 B = Non-inter-level travel time spent in this place.
 C = Inter-level travel time spent in this place.
 D = Time resting spent in this place.
 E = Time spent auto-exploring this place.
 F = Levels seen in this place.
 G = Mean time per level.
                   A        B        C        D        E       F      G
               +--------+--------+--------+--------+--------+-----+--------+
         Total |  39622 |  37000 |   2622 |  11776 |  19311 |  27 | 1467.5 |
       Dungeon |  20834 |  19424 |   1410 |   4971 |  11641 |  15 | 1388.9 |
        Temple |    349 |    298 |     51 |      0 |    271 |   1 |  349.0 |
          Lair |  12768 |  11816 |    952 |   5040 |   5148 |   6 | 2128.0 |
   Spider Nest |     48 |     48 |      0 |      0 |      0 |   1 |   48.0 |
  Orcish Mines |   4996 |   4788 |    208 |   1751 |   2212 |   2 | 2498.0 |
       Ossuary |    242 |    242 |      0 |      5 |     39 |   1 |  242.0 |
        Bailey |    383 |    383 |      0 |      8 |      0 |   1 |  383.0 |
               +--------+--------+--------+--------+--------+-----+--------+

Top non-repeatable levels by time:
  Lair:3: 3893 daAuts
   Orc:2: 3021 daAuts
  Lair:6: 2860 daAuts
    D:13: 2811 daAuts
    D:11: 2398 daAuts
  Lair:1: 2120 daAuts
   Orc:1: 1974 daAuts
    D:15: 1629 daAuts
    D:12: 1627 daAuts
     D:1: 1554 daAuts
    D:10: 1422 daAuts
  Lair:5: 1386 daAuts
  Lair:2: 1304 daAuts
     D:9: 1296 daAuts
     D:5: 1216 daAuts
